[Event "*** Titled Tuesday Blitz"]
[Site "Chess.com"]
[Date "2019.08.06"]
[Round "8"]
[White "temus_galaktionov"]
[Black "AbasovN"]
[Result "0-1"]
[WhiteElo "2692"]
[BlackElo "2886"]
[TimeControl "180+2"]
[EndTime "14:55:02 PDT"]
[Termination "AbasovN won by resignation"]

1. d4 Nf6 2. Nf3 e6 3. c4 b6 4. g3 Bb7 5. Bg2 Be7 6. Nc3 O-O 7. Qc2 c5 8. d5 exd5 9. Nh4 Nc6 10. cxd5 Nd4 11. Qd1 Ne8 12. e3 Bxh4 13. exd4 Bf6 14. dxc5 Ba6 15. Be3 bxc5 16. Bxc5 d6 17. Be3 Rb8 18.
Qd2 Qa5 19. Rc1 Nc7 20. Bf1 Bxc3 21. bxc3 Nxd5 22. Bxa6 Nxe3 23. fxe3 Qxa6 24. Kf2 Rb5 25. Rhd1 Ra5 26. Rc2 d5 27. Qe2 Qe6 28. Qf3 Rc8 29. Rd4 g6 30. Kg2 Kg7 31. h4 h5 32. Kf2 Rcc5 33.
Kg2 Ra3 34. e4 dxe4 35. Rxe4 Qc6 36. Re3 Qc7 37. Rd3 Rf5 38. Qe4 Ra6 39. Qd4+ Kh7 40. Rf2 Qb7+ 41. Kh2 Rd6 42. Qc5 Rxf2+ 0-1

[Event "*** Titled Tuesday Blitz"]
[Site "Chess.com"]
[Date "2019.08.06"]
[Round "8"]
[White "valeriocarnicelli"]
[Black "vladimirdamjanovic"]
[Result "0-1"]
[WhiteElo "2433"]
[BlackElo "2628"]
[TimeControl "180+2"]
[EndTime "14:55:02 PDT"]
[Termination "vladimirdamjanovic won by resignation"]

1. e4 c5 2. Nf3 d6 3. d4 cxd4 4. Nxd4 Nf6 5. Nc3 g6 6. f3 Bg7 7. Be3 Nc6 8. Qd2 h5 9. O-O-O Bd7 10. Kb1 Rc8 11. Bb5 Ne5 12. Bxd7+ Qxd7 13. Nb3 Nc4 14. Qd3 Nxe3 15. Qxe3 Qc6 16. Rhe1 O-O 17. Qd3 a6 18. Nd5 Nxd5 19. exd5 Qd7 20. Nd4 Rc5 21.
c4 Rfc8 22. Rc1 Bf6 23. h3 h4 24. Re4 Qa4 25. b3 Qa3 26. Rg4 Kf8 27. Rc2 b5 28. Ne6+ Ke8 29. Nxc5 Qxc5 30. Qd1 b4 31. Re4 a5 32. Qe2 a4 33. Qe3 axb3 34. Qxb3 Ra8 35. Rce2 Ra3 36. Qd1 b3 37. Qe1 bxa2+ 38. Kc2 Kf8 39.
Rxe7 a1=Q 40. Re8+ Kg7 0-1

[Event "*** Titled Tuesday Blitz"]
[Site "Chess.com"]
[Date "2019.08.06"]
[Round "8"]
[White "Atakishiyev04"]
[Black "Micki-taryan"]
[Result "1-0"]
[WhiteElo "2668"]
[BlackElo "2948"]
[TimeControl "180+2"]
[EndTime "14:55:04 PDT"]
[Termination "Atakishiyev04 won by checkmate"]

1. e4 c5 2. Nf3 Nc6 3. d4 cxd4 4. Nxd4 e5 5. Nb5 d6 6. c4 f5 7. N1c3 a6 8. Bg5 Qd7 9. Na3 h6 10. Be3 f4 11. Bb6 Nf6 12. Nd5 Rb8 13. Be2 Be7 14.
O-O O-O 15. Bc7 Nxd5 16. Qxd5+ Kh8 17. Bxb8 Nxb8 18. Nc2 Nc6 19. Rfd1 Qe8 20. b4 Qg6 21. f3 Be6 22. Qd3 Rc8 23. Rac1 Qf7 24. b5 Na5 25. Nb4 Bxc4 26. Qa3 Bd8 27. bxa6 bxa6 28. Nxa6 Qa7+ 29. Kh1 Qxa6 30. Rxd6 Qb5 31. Bxc4 Nxc4 32. Rxh6+ Kg8 33. Rh8+ Kxh8 34. Qf8+ Kh7 35. Qf5+ Kh6 36. Qxc8 Qb2 37. Rxc4 Bb6 38. Qh3+ Kg6 39. Qf5+ Kh6 40. Rc6+ g6 41. Rxg6+ Kh7 42. Qh5# 1-0

[Event "*** Titled Tuesday Blitz"]
[Site "Chess.com"]
[Date "2019.08.06"]
[Round "8"]
[White "RoelandPruijssers"]
[Black "dmosesov"]
[Result "1-0"]
[WhiteElo "2495"]
[BlackElo "2537"]
[TimeControl "180+2"]
[EndTime "14:55:05 PDT"]
[Termination "RoelandPruijssers won by resignation"]

1. b3 g6 2. Bb2 Nf6 3. e4 d6 4. g3 Bg7 5. Bg2 O-O 6. Ne2 e5 7. O-O Nc6 8. h3 d5 9. exd5 Nxd5 10. d3 Be6 11. Nd2 Qd7 12. Kh2 Rad8 13. Ne4 Qe7 14. Qc1 Ncb4 15. a3 Nc6 16. b4 h6 17. f4 f5 18. Nc5 Bc8 19. fxe5 Nxe5 20. Nf4 Nxf4 21.
gxf4 Nc6 22. Bxg7 Qxg7 23. Bxc6 bxc6 24. Qd2 Rfe8 25. Rae1 Qd4 26. c3 Qd6 27. d4 Kg7 28. Rg1 Kh7 29. Nd3 Re4 30. Ne5 Rg8 31. Qf2 Qf6 32.
Rg2 Ba6 33. Reg1 Re2 34. Qf3 Rxg2+ 35. Rxg2 Bb5 36. c4 Ba4 37. Rd2 g5 38. Rf2 g4 39.
hxg4 Qh4+ 40. Kg2 Bc2 41. Rxc2 1-0

[Event "*** Titled Tuesday Blitz"]
[Site "Chess.com"]
[Date "2019.08.06"]
[Round "8"]
[White "eCztery"]
[Black "ALEXJR20"]
[Result "1-0"]
[WhiteElo "2146"]
[BlackElo "2179"]
[TimeControl "180+2"]
[EndTime "14:55:12 PDT"]
[Termination "eCztery won on time"]

1. d4 Nf6 2. Nc3 d5 3. Bf4 e6 4.
e3 Bd6 5. Bg3 O-O 6. Nf3 a6 7. Ne5 c5 8. f4 Nc6 9. Bd3 c4 10. Be2 Bb4 11. Bh4 Qa5 12. Nxc6 Bxc3+ 13. bxc3 Qxc3+ 14. Kf1 bxc6 15. Bxf6 gxf6 16. Kf2 Rb8 17.
h4 Rb2 18. Rh3 Bd7 19. Rc1 e5 20. Rg3+ Kh8 21. dxe5 fxe5 22. Bg4 f5 23. Bh5 d4 24. Kg1 d3 25. cxd3 Qxd3 26. Qf3 e4 27. Qd1 Rd2 28. Qe1 c3 29. Rg5 c2 30. Qg3 Rd1+ 31. Kh2 Rxc1 32.
Bf7 Rh1+ 33. Kxh1 c1=Q+ 34. Kh2 Qh1+ 35. Kxh1 Qb1+ 36. Kh2 Qb8 37. Bb3 c5 38. Bc4 Bb5 39. Be6 Bd3 40. Rg7 c4 41. Qg5 c3 42. Qh6 1-0

[Event "*** Titled Tuesday Blitz"]
[Site "Chess.com"]
[Date "2019.08.06"]
[Round "8"]
[White "Usurpov"]
[Black "tteshan"]
[Result "1-0"]
[WhiteElo "2399"]
[BlackElo "2169"]
[TimeControl "180+2"]
[EndTime "14:55:13 PDT"]
[Termination "Usurpov won by resignation"]

1. e4 e6 2. d4 d5 3. e5 c5 4. c3 Qb6 5. Nf3 Bd7 6. a3 Bb5 7. b4 cxb4 8. Bxb5+ Qxb5 9. axb4 Nd7 10. Qe2 Qxe2+ 11.
Kxe2 Ne7 12. Nbd2 Ng6 13. Nb3 b6 14. h4 f6 15. h5 Ne7 16. Bf4 fxe5 17. Bxe5 Nc6 18.
Bg3 Nf6 19. Kd3 Ne4 20. Bh4 Be7 21. Bxe7 Nxf2+ 22. Ke2 Nxh1 23. Bh4 g6 24. Rxh1 gxh5 25. Bf6 Rf8 26. Be5 Rf5 27. b5 Ne7 28. Ra1 Kd7 29. c4 dxc4 30. Nbd2 c3 31. Ne4 Nd5 32. Kd3 Nf4+ 33.
Bxf4 Rxf4 34. Ne5+ Ke7 35. Nc6+ Kf7 36. Ke3 Rg4 37. Ne5+ Kg7 38. Nxg4 hxg4 39. Kd3 h5 40. Kxc3 Kg6 41. Kd3 Kf5 42. Rf1+ Kg6 43. Rf6+ Kg7 44. Rxe6 Rd8 45. Re7+ Kg6 46. Rxa7 Rd5 47. Nc3 Rd6 48. Rb7 Kf5 49. Ne4 Re6 50. Ng3+ Kg5 51. d5 Rd6 52.
Ne4+ 1-0

[Event "*** Titled Tuesday Blitz"]
[Site "Chess.com"]
[Date "2019.08.06"]
[Round "8"]
[White "tbalabayev"]
[Black "julinha97"]
[Result "1/2-1/2"]
[WhiteElo "2382"]
[BlackElo "2230"]
[TimeControl "180+2"]
[EndTime "14:55:15 PDT"]
[Termination "Game drawn by agreement"]

1. Nf3 Nf6 2. g3 g6 3. Bg2 Bg7 4. O-O O-O 5. d3 d5 6. Nbd2 c5 7. e4 Nc6 8. Re1 b6 9. Qe2 Bg4 10. c3 d4 11. h3 Bxf3 12. Nxf3 e5 13. Qc2 Qd6 14. Nd2 b5 15. a4 a6 16. axb5 axb5 17. Rxa8 Rxa8 18. Qb3 dxc3 19. bxc3 Ra5 20. Qc2 Nd7 21. Nb3 Ra8 22. Be3 c4 23. dxc4 bxc4 24. Nd2 Qd3 25. Qxd3 cxd3 26. Bf1 Ra3 27. Rc1 f5 28.
Bxd3 f4 29. Nc4 Ra8 30. gxf4 exf4 31. Bxf4 Nde5 32. Nxe5 Nxe5 33. Be2 Rc8 34. c4 Rc6 35. Be3 Bf8 36. f4 Nd7 37. Kf2 Nc5 38. Kf3 Kf7 39.
Bd4 Ne6 40. Be5 Bh6 41. f5 Bxc1 42. fxe6+ Kxe6 43. Bd4 Ba3 44. Be3 Bc5 45. Bf4 Bd6 46. Bh6 Be5 47. Be3 Bd6 48. Bd3 Rc8 49. Ke2 Bc5 50.
Bf4 Rf8 51. Bg3 Bd6 52. Bf2 Ra8 53. c5 Ra2+ 54. Kf3 Rxf2+ 55. Kxf2 Bxc5+ 56. Kf3 Ke5 1/2-1/2

[Event "*** Titled Tuesday Blitz"]
[Site "Chess.com"]
[Date "2019.08.06"]
[Round "8"]
[White "iLuusions"]
[Black "kesarev"]
[Result "1-0"]
[WhiteElo "2559"]
[BlackElo "2493"]
[TimeControl "180+2"]
[EndTime "14:55:17 PDT"]
[Termination "iLuusions won on time"]

1. d4 g6 2. c4 Bg7 3. Nc3 c5 4. d5 Bxc3+ 5. bxc3 f5 6. h4 Nf6 7. Bg5 Ne4 8. Bd2 e5 9. f3 Ng3 10. Rh3 f4 11. e3 d6 12. Rh2 O-O 13. Bd3 Bf5 14.
Qc2 Qe7 15. exf4 exf4+ 16. Kf2 Nd7 17. Re1 Ne5 18. Bxf5 Rxf5 19. Bxf4 Rxf4 20. Kxg3 Qf6 21. Re4 Rf8 22. Rh1 Nxc4 23. Re6 Qf7 24. Nh3 Rxf3+ 25. gxf3 Qxf3+ 26. Kh2 Ne3 27. Re1 Ng4+ 28. Kg1 Qxh3 29. Qg2 Qxh4 30. Re8 Rxe8 31. Rxe8+ Kg7 32. Qf3 Nf6 33.
Re7+ Kh6 34. Re2 Qg5+ 35. Rg2 Qc1+ 36. Kh2 Kg7 37. Re2 Qh6+ 38. Kg1 Qg5+ 39. Kf1 Nxd5 40. c4 Qc1+ 41. Kf2 Qxc4 42. Re4 1-0

[Event "*** Titled Tuesday Blitz"]
[Site "Chess.com"]
[Date "2019.08.06"]
[Round "8"]
[White "DenishevM"]
[Black "PIwan"]
[Result "1-0"]
[WhiteElo "2497"]
[BlackElo "2525"]
[TimeControl "180+2"]
[EndTime "14:55:18 PDT"]
[Termination "DenishevM won by resignation"]

1. Nf3 d5 2. b3 Bf5 3. Bb2 Nd7 4. e3 Ngf6 5. Bd3 Bxd3 6. cxd3 e6 7. O-O Bd6 8. d4 O-O 9. Nc3 Ne4 10. Qc2 Ndf6 11.
Nb5 c6 12. Nxd6 Nxd6 13. a4 Re8 14. Ba3 Nc8 15. Rfc1 Nd7 16. Qd3 Ne7 17. b4 Nb6 18. Qb3 Nc4 19. b5 cxb5 20. Bxe7 Qxe7 21. axb5 a5 22.
bxa6 bxa6 23. d3 Nd6 24. Ne5 f6 25. Nc6 Qd7 26. Ra5 Nb5 27. Nb4 Qb7 28. Nxa6 Nd6 29. Qxb7 Nxb7 30. Raa1 Rec8 31. Rxc8+ Rxc8 32. Nc5 Nxc5 33. Rc1 Kf7 34. dxc5 e5 35. d4 Ke6 36. g3 Kf5 37. f3 e4 38. g4+ Ke6 39. fxe4 dxe4 40. Kg2 Kd5 41. Kg3 Ra8 42. h4 Ra3 43. c6 Ra8 44. Kf4 Rc8 45. g5 fxg5+ 46. hxg5 Rf8+ 47. Kg4 Rc8 48. c7 Kd6 49. Kf5 Kd5 50. Rc5+ Kd6 51. Kxe4 1-0

[Event "*** Titled Tuesday Blitz"]
[Site "Chess.com"]
[Date "2019.08.06"]
[Round "8"]
[White "leclash"]
[Black "BoboHead"]
[Result "0-1"]
[WhiteElo "2205"]
[BlackElo "2176"]
[TimeControl "180+2"]
[EndTime "14:55:19 PDT"]
[Termination "BoboHead won by checkmate"]

1. d4 Nf6 2. c4 e6 3. Nc3 Bb4 4. Qc2 d6 5. Nf3 Nbd7 6. Bd2 O-O 7. a3 Bxc3 8. Bxc3 Re8 9. e3 e5 10. dxe5 dxe5 11. O-O-O Qe7 12. Be2 e4 13. Nd4 Ne5 14.
h3 a6 15. g4 c5 16. Nf5 Bxf5 17. gxf5 Rad8 18. b3 h6 19. Qb2 Rxd1+ 20. Rxd1 Kh7 21. b4 cxb4 22. Bxb4 Qc7 23. Bd6 Qa5 24. Qb4 Nc6 25.
Qxa5 Nxa5 26. Bb4 Nc6 27. Bc3 Ne5 28. Kc2 Ned7 29. Bd4 Rc8 30. Rb1 b5 31. Kc3 Kg8 32. Kb4 bxc4 33. Ka5 Nd5 34. Rc1 Kf8 35. Rxc4 Rb8 36.
Rc6 Rb3 37. a4 Rb2 38. Bc4 Nb4 39. Rc8+ Ke7 40. Bb5 Rb3 41. Bxd7 Kxd7 42. Rc4 Nc6+ 43. Kxa6 Kc7 44. Bxg7 Rb6# 0-1

[Event "*** Titled Tuesday Blitz"]
[Site "Chess.com"]
[Date "2019.08.06"]
[Round "8"]
[White "Leonid_Starozhilov"]
[Black "Karina_Ivanova"]
[Result "0-1"]
[WhiteElo "2674"]
[BlackElo "2180"]
[TimeControl "180+2"]
[EndTime "14:55:20 PDT"]
[Termination "Karina_Ivanova won on time"]

1. Nf3 Nf6 2. c4 e6 3. g3 b6 4.
Bg2 Bb7 5. O-O Be7 6. d4 O-O 7. d5 exd5 8. Nh4 c6 9. cxd5 Nxd5 10. Nf5 Nc7 11. e4 d5 12. exd5 cxd5 13. Nc3 Nd7 14. Be3 Bf6 15. Rc1 Ne5 16. Bd4 Rc8 17. Re1 Re8 18. h4 Nc4 19. Rxe8+ Nxe8 20. b3 Ncd6 21. Ne3 Bxd4 22. Qxd4 Nb5 23. Qd2 Nxc3 24. Rxc3 Rxc3 25. Qxc3 d4 26. Qd2 Bxg2 27. Nxg2 Nc7 28. Nf4 Ne6 29. Nd3 Qc7 30. b4 Qc3 31. Qe2 g6 32. h5 gxh5 33. Ne5 Qc1+ 34. Kh2 h4 35. Nf3 hxg3+ 36. fxg3 Qe3 37. Qd1 Qf2+ 38. Kh1 Qxg3 39.
Qf1 h5 40. Nh2 h4 0-1

[Event "*** Titled Tuesday Blitz"]
[Site "Chess.com"]
[Date "2019.08.06"]
[Round "8"]
[White "Faustregel"]
[Black "Olga_Girya"]
[Result "0-1"]
[WhiteElo "2510"]
[BlackElo "2502"]
[TimeControl "180+2"]
[EndTime "14:55:20 PDT"]
[Termination "Olga_Girya won by checkmate"]

1. d4 Nf6 2. c4 e6 3. Nc3 Bb4 4. f3 d5 5. a3 Be7 6. e4 dxe4 7. fxe4 c5 8. d5 exd5 9. exd5 O-O 10. Nf3 Bg4 11. Be2 Bd6 12. Bg5 h6 13. Bh4 Nbd7 14. O-O Re8 15. Qc2 Qe7 16. Rae1 Qf8 17. h3 Bh5 18.
Bd3 Bxf3 19. Rxf3 Rxe1+ 20. Bxe1 Ne5 21. Re3 Nxd3 22. Qxd3 Bf4 23. Re2 Re8 24. Bf2 b6 25. Nb5 a6 26. Na7 Qd6 27. Rxe8+ Nxe8 28. Qf5 Bh2+ 29.
Kf1 Nf6 30. Nc8 Qd8 31. Bh4 g5 32. Bf2 Bd6 33. Be1 Nh5 34. g4 Ng7 35. Nxd6 Nxf5 36. Nxf5 Qe8 37. Nxh6+ Kh7 38. Nf5 Qe4 39. b3 Qd3+ 40.
Kg2 Qxb3 41. d6 Qxc4 42. Bg3 Qd5+ 43. Kf2 c4 44. Ne3 Qd2+ 45. Kf3 c3 46. Ke4 c2 47. Nxc2 Qxc2+ 48. Kd5 Qc8 49. Be5 Kg6 50. Bd4 b5 51. Ke5 Qe6# 0-1

[Event "*** Titled Tuesday Blitz"]
[Site "Chess.com"]
[Date "2019.08.06"]
[Round "8"]
[White "SoCalJuniorChess"]
[Black "JussupowFan"]
[Result "0-1"]
[WhiteElo "1854"]
[BlackElo "2205"]
[TimeControl "180+2"]
[EndTime "14:55:21 PDT"]
[Termination "JussupowFan won by checkmate"]

1. c4 c5 2. Nc3 Nc6 3. g3 g6 4.
Bg2 Bg7 5. e4 d6 6. Nge2 Nf6 7.
O-O Nd7 8. d3 Nf8 9. Be3 Ne6 10.
Qd2 Ned4 11. Rab1 O-O 12. a3 a5 13. b4 axb4 14. axb4 cxb4 15. Nd5 b3 16. Nxd4 Nxd4 17. Bxd4 Bxd4 18. Rxb3 e6 19. Ne3 Qc7 20. Nc2 Ra2 21.
Rfb1 Bg7 22. Qd1 Rd8 23. Nb4 Ra5 24. Bf1 Bd7 25. d4 Ba4 26. Qd3 Bxb3 27. Rxb3 Rda8 28.
d5 Ra1 29. Kg2 Be5 30. f4 Bg7 31. dxe6 fxe6 32. Nc2 R1a2 33. Kh3 Qd7 34. Be2 h5 35. Kg2 Qc6 36. Bf3 Rc8 37. Rb4 b5 38. e5 bxc4 39.
Qe2 d5 40. Kh3 Bf8 41. Rb1 Qa4 42.
Rc1 Rb8 43. Qf2 Rbb2 44. Bd1 Qd7 45. Qf3 Qf7 46. Nd4 Rxh2# 0-1

[Event "*** Titled Tuesday Blitz"]
[Site "Chess.com"]
[Date "2019.08.06"]
[Round "8"]
[White "Msb2"]
[Black "MarianPetrov"]
[Result "1-0"]
[WhiteElo "2855"]
[BlackElo "2571"]
[TimeControl "180+2"]
[EndTime "14:55:22 PDT"]
[Termination "Msb2 won on time"]

1. d4 g6 2. c4 Bg7 3. e4 c5 4. d5 d6 5. h3 Nf6 6. Nc3 O-O 7. Nf3 e6 8. Bd3 exd5 9. exd5 Re8+ 10. Be3 Bh6 11.
O-O Bxe3 12. fxe3 Qe7 13. e4 Nbd7 14. Qd2 Rf8 15. Rf2 Ne8 16. Raf1 Ne5 17. Nxe5 Qxe5 18. Kh1 Bd7 19. Ne2 Ng7 20. Qh6 f5 21. exf5 Bxf5 22.
Nf4 Bxd3 23. Nxd3 Rxf2 24. Rxf2 Qd4 25. Qf4 Nf5 26. Qxd4 Nxd4 27. Rf6 Rd8 28. g4 g5 29. h4 gxh4 30. g5 b5 31. b3 bxc4 32. bxc4 h3 33. Kh2 Re8 34. Nf4 Re4 35. Kxh3 Re3+ 36. Kg4 Re4 37.
Kg3 Re3+ 38. Kf2 Rc3 39. Kg2 Rxc4 40. Rxd6 Rc2+ 41. Kh3 Rxa2 42. Rd8+ Kf7 43. Rd7+ Kg8 44. d6 Rd2 45. Rxa7 Nf5 46. d7 c4 47. Ne6 1-0

[Event "*** Titled Tuesday Blitz"]
[Site "Chess.com"]
[Date "2019.08.06"]
[Round "8"]
[White "FairChess_on_YouTube"]
[Black "Vuk2000"]
[Result "1-0"]
[WhiteElo "3027"]
[BlackElo "2748"]
[TimeControl "180+2"]
[EndTime "14:55:29 PDT"]
[Termination "FairChess_on_YouTube won by resignation"]

1. c4 e5 2. Nc3 Nc6 3. g3 g6 4. Bg2 Bg7 5. e4 d6 6. Nge2 Be6 7. d3 Qd7 8. Nd5 Nd8 9. Be3 c6 10. Ndc3 Bh3 11. Bxh3 Qxh3 12. d4 Nf6 13. dxe5 dxe5 14. Qd6 Ng4 15. Bxa7 Rxa7 16. Qb8 Ra6 17. O-O-O Bf6 18.
f3 Nf2 19. Rxd8+ Bxd8 20. Qxe5+ Kd7 21. Qd4+ Kc8 22. Qxf2 Bf6 23. f4 Qe6 24. e5 Bd8 25. b3 Bb6 26. c5 Ba5 27. Nd4 Qe7 28. Ne4 Bb4 29. Nc2 Ba3+ 30. Nxa3 Rxa3 31. Kb2 Ra5 32.
b4 Ra6 33. Rd1 Qe6 34. a3 Rd8 35. Rd6 Qe7 36. Qd4 Kc7 37. Nd2 Raa8 38. Nc4 Qe6 39.
Nb6 Rab8 40. a4 Qg4 41. Qd2 Qf5 42. a5 f6 43. Qd4 fxe5 44. fxe5 h5 45. e6 Qxe6 46.
Qg7+ 1-0

[Event "*** Titled Tuesday Blitz"]
[Site "Chess.com"]
[Date "2019.08.06"]
[Round "8"]
[White "12teen"]
[Black "RegZryt"]
[Result "0-1"]
[WhiteElo "2644"]
[BlackElo "2614"]
[TimeControl "180+2"]
[EndTime "14:55:34 PDT"]
[Termination "RegZryt won by resignation"]

1. g3 d5 2. Bg2 Nf6 3. d3 e6 4. Nc3 Be7 5. Bd2 c5 6. e4 Nc6 7. f4 b6 8. Nf3 Bb7 9. e5 Nd7 10.
Ne2 Qc7 11. c3 h6 12. d4 c4 13. O-O b5 14. g4 h5 15. h3 hxg4 16. hxg4 O-O-O 17. f5 exf5 18. gxf5 f6 19. e6 Nb6 20. Bf4 Bd6 21. Qd2 Rh5 22. Bxd6 Qxd6 23. Qf4 Qxf4 24. Nxf4 Rxf5 25. Bh3 Rxf4 26. e7+ Kc7 27. exd8=Q+ Kxd8 28. Rae1 b4 29. Kg2 bxc3 30. bxc3 Na4 31. Re3 g5 32.
Kg3 Re4 33. Rfe1 Ne7 34. Nd2 Nxc3 35. Nxe4 Nxe4+ 36. Kg4 f5+ 37. Kh5 Bc6 38. Bg2 Be8+ 39. Kh6 g4 40. Bxe4 dxe4 41. Kg5 Bd7 42. Ra3 Nc6 43. d5 Ne5 44. Kf6 Nd3 45. Rh1 Kc7 46. Ke7 e3 47. Rxa7+ Kb6 48. Rxd7 e2 49. Rd6+ Kc5 50.
Re6 e1=Q 51. Rexe1 Nxe1 52. d6 Nd3 53. d7 Ne5 54.
Rh6 Nxd7 55. Kxd7 c3 56. Rc6+ Kd4 57. a4 f4 58. a5 f3 59. a6 f2 60. a7 f1=Q 61.
Rd6+ Ke5 62. a8=Q Qf7+ 63. Kd8 Qf8+ 0-1

[Event "*** Titled Tuesday Blitz"]
[Site "Chess.com"]
[Date "2019.08.06"]
[Round "8"]
[White "Gubajdullin"]
[Black "gena217"]
[Result "0-1"]
[WhiteElo "2611"]
[BlackElo "2931"]
[TimeControl "180+2"]
[EndTime "14:55:36 PDT"]
[Termination "gena217 won on time"]

1. d4 Nf6 2. Bf4 d5 3. e3 c5 4. c3 Nc6 5. Nd2 Bf5 6. Qb3 Qc8 7. Ngf3 e6 8. Be2 Be7 9. Ne5 O-O 10. g4 c4 11. Qd1 Bg6 12. h4 Nxe5 13. dxe5 Nd7 14. h5 Bd3 15. Bxd3 cxd3 16. Nf3 Nc5 17. Rc1 a5 18. h6 g6 19. Bg5 Qd8 20. Bxe7 Qxe7 21. g5 Rfc8 22. a4 b5 23. axb5 Rab8 24. Rg1 Rxb5 25. b4 axb4 26. Nd4 bxc3 27. Rxc3 Rbb8 28. Kf1 Ne4 29. Rxd3 Nxg5 30. Kg2 Ne4 31. Qg4 Rb2 32. Rf1 Ra8 33. Rb3 Rxb3 34. Nxb3 Qc7 35. Qf4 f6 36. exf6 Qxf4 37. exf4 Kf7 38. Rc1 Ra7 39. Rc8 Kxf6 40.
Rh8 g5 41. fxg5+ Kxg5 42. Nd4 Re7 43. Nc6 Rc7 44. Nd4 Kf6 45. Re8 Re7 46. Rf8+ Kg6 47. Nc6 Rc7 48. Nd4 Nc5 0-1

[Event "*** Titled Tuesday Blitz"]
[Site "Chess.com"]
[Date "2019.08.06"]
[Round "8"]
[White "Mazanchenko_Dmitry"]
[Black "Nancy11111"]
[Result "1-0"]
[WhiteElo "2217"]
[BlackElo "2299"]
[TimeControl "180+2"]
[EndTime "14:55:36 PDT"]
[Termination "Mazanchenko_Dmitry won by checkmate"]

1. e4 c5 2. Ne2 d6 3. Nbc3 Nf6 4. d4 cxd4 5. Nxd4 a6 6. f4 e5 7. Nf3 Nc6 8. Bc4 Be7 9. fxe5 dxe5 10. Qxd8+ Bxd8 11.
Bg5 Bg4 12. Bxf6 Bxf6 13. Nd5 Bd8 14. O-O-O Bxf3 15. gxf3 Nd4 16. f4 Rc8 17. Bd3 exf4 18. Kb1 Ne6 19. Rhf1 g5 20. h4 f6 21. e5 fxe5 22. hxg5 Nxg5 23. Rde1 Nf7 24. Rxf4 Rc5 25. c4 b5 26. b4 Rc6 27. cxb5 Re6 28. bxa6 Kd7 29.
Rxf7+ Kc6 30. Rxh7 Ree8 31. Rxh8 Rxh8 32. Be4 Bb6 33.
Nxb6+ Kxb6 34. b5 Rg8 35. a4 Rg5 36. Rc1 Rg4 37. Rc6+ Ka7 38. Rc7+ Kb6 39. Rb7+ Kc5 40. a7 Rxe4 41. a8=Q Kb4 42. Re7 Rc4 43. Rxe5 Ka3 44. Qf8+ Kxa4 45. b6 Kb3 46. b7 Ka4 47. Qa8+ Kb3 48.
b8=Q+ Kc3 49. Re3+ Kd2 50. Qh2+ Kxe3 51. Qa3+ Kd4 52.
Qf4+ Kd5 53. Qd3+ Ke6 54. Qdxc4+ Ke7 55. Qce4+ Kd8 56. Qff3 Kc7 57. Qc3+ Kd6 58. Qcd3+ Kc5 59. Qec4+ Kb6 60. Qdb3+ Ka7 61. Qca4# 1-0

[Event "*** Titled Tuesday Blitz"]
[Site "Chess.com"]
[Date "2019.08.06"]
[Round "8"]
[White "ChessyInstinct"]
[Black "Triumphmate"]
[Result "1/2-1/2"]
[WhiteElo "2361"]
[BlackElo "2287"]
[TimeControl "180+2"]
[EndTime "14:55:40 PDT"]
[Termination "Game drawn by agreement"]

1. d4 Nf6 2. c4 e6 3. g3 d5 4. Nf3 Be7 5. Bg2 O-O 6. O-O dxc4 7. Qc2 b6 8. Nbd2 Bb7 9. Nxc4 Nbd7 10. Bf4 c5 11. Rfd1 Nd5 12. e3 Nxf4 13. gxf4 cxd4 14. Nxd4 Bxg2 15. Kxg2 Qc8 16. Rac1 Qb7+ 17. f3 Rac8 18. Qe4 Qa6 19. Nc6 Rxc6 20. Qxc6 Nf6 21. a4 Bc5 22. Qb5 Qb7 23. Nd6 Qe7 24. Nc4 Nd5 25. Qb3 Qf6 26.
Qd3 h6 27. Qe4 Rd8 28. Rd3 Qh4 29. Rcd1 Qh5 30. Ne5 Nxe3+ 31. Kh1 Nd5 32. b4 Be7 33. Nc6 Rd7 34. Nxe7+ Rxe7 35. Rc1 Re8 36. Rxd5 Qxd5 37. Qxd5 exd5 38. Rc7 a5 39. bxa5 bxa5 40. Rc5 d4 41. Rxa5 d3 42. Rd5 Re1+ 43. Kg2 Ra1 44. Rxd3 Rxa4 45.
Kg3 Kh7 46. h4 f6 47. Rd5 Kg6 48. Rb5 h5 49. Rc5 Ra1 50. f5+ Kh6 51. Rc8 Kh7 52.
Rc7 Ra4 53. Rc5 Ra1 54. Rb5 Rg1+ 55. Kf4 Ra1 56. Rb4 Ra5 57. Ke4 Re5+ 58. Kf4 Ra5 59. Rc4 1/2-1/2

[Event "*** Titled Tuesday Blitz"]
[Site "Chess.com"]
[Date "2019.08.06"]
[Round "8"]
[White "sergiochess83"]
[Black "tigra"]
[Result "1-0"]
[WhiteElo "2915"]
[BlackElo "2750"]
[TimeControl "180+2"]
[EndTime "14:55:46 PDT"]
[Termination "sergiochess83 won by resignation"]

1. d4 Nf6 2. Bf4 e6 3. e3 b6 4. Nf3 Bb7 5. h3 c5 6. Bd3 Be7 7. O-O O-O 8. Nbd2 Re8 9. c3 cxd4 10. exd4 d6 11. Re1 a6 12. a4 Bf8 13. Nf1 Nbd7 14.
Ng3 h6 15. Bc2 Qc7 16. Ne4 Nd5 17. Bh2 Rac8 18. Bb3 N5f6 19. Nfd2 Qc6 20. f3 b5 21.
axb5 axb5 22. Kh1 Qb6 23. Qe2 Bd5 24. Bxd5 Nxd5 25. Qf2 Ra8 26. Qg3 f5 27. Nf2 f4 28.
Qg6 Rxa1 29. Rxa1 N7f6 30. Ng4 Kh8 31. Nxf6 Nxf6 32. Ne4 Qd8 33. Nxf6 gxf6 34. Bxf4 Qe7 35. Bxh6 Rc8 36. Bxf8 Rxf8 37. Re1 b4 38. Qh5+ Kg7 39. cxb4 d5 40. Qxd5 Re8 41. Qc5 Qd7 42. d5 e5 43.
Qc6 Rd8 44. Qxd7+ Rxd7 45. Rd1 Kf7 46. d6 Ke8 47. b5 Rb7 48. d7+ Kd8 49. Rd5 Rc7 50.
h4 Rc4 51. g3 Rc2 52. h5 1-0

[Event "*** Titled Tuesday Blitz"]
[Site "Chess.com"]
[Date "2019.08.06"]
[Round "8"]
[White "Giraffe_Chess"]
[Black "GianmarcoVaR"]
[Result "0-1"]
[WhiteElo "2371"]
[BlackElo "2571"]
[TimeControl "180+2"]
[EndTime "14:55:48 PDT"]
[Termination "GianmarcoVaR won by checkmate"]

1. d4 Nf6 2. c4 e6 3. Nf3 b6 4. g3 Bb7 5. Bg2 g6 6. O-O Bg7 7. Nc3 O-O 8. Re1 d5 9. Ne5 Ne4 10. Qc2 f5 11. cxd5 exd5 12. Nxe4 dxe4 13. e3 Bxe5 14.
dxe5 Qe7 15. b3 Nc6 16. Bb2 Nxe5 17. Qc3 Rfe8 18. Bf1 Bd5 19. Red1 c6 20. Rac1 Rad8 21. Be2 h5 22. h4 Kh7 23. Qxe5 Qxe5 24. Bxe5 Rxe5 25.
Bc4 Re7 26. Rd4 Red7 27. Rcd1 Kg7 28. b4 b5 29. Bxd5 Rxd5 30. Rxd5 Rxd5 31. Rc1 Rd6 32. Kf1 Kf6 33. Ke2 Ke7 34. Rc5 Kd7 35. a4 a6 36. axb5 axb5 37. Rc3 Kc7 38. Ra3 Kb7 39.
Rc3 Rd5 40. Ra3 Rd6 41. Rc3 Rd7 42. Ra3 Rd8 43. Ke1 Ra8 44. Rxa8 Kxa8 45. Kd2 Kb7 46. Kc3 Kc7 47. Kd4 Kd6 48. Kc3 c5 49.
Kb3 cxb4 50. Kxb4 Kc6 51. Kb3 Kc5 52. Kc3 b4+ 53. Kb3 Kb5 54. Kb2 Kc4 55. Kc2 b3+ 56. Kb2 Kb4 57. Kb1 Kc3 58. Kc1 Kd3 59. Kb2 Ke2 60.
Kxb3 Kxf2 61. Kc4 Kxe3 62. Kd5 Kf3 63. Ke6 e3 64. Kf6 e2 65. Kxg6 e1=Q 66. Kxh5 Qxg3 67.
Kh6 Ke4 68. h5 Ke5 69. Kh7 Kf6 70. h6 Qg6+ 71. Kh8 Qxh6+ 72. Kg8 Qg7# 0-1

[Event "*** Titled Tuesday Blitz"]
[Site "Chess.com"]
[Date "2019.08.06"]
[Round "8"]
[White "GMKrikor"]
[Black "FrenchMonster2002"]
[Result "1-0"]
[WhiteElo "2663"]
[BlackElo "2524"]
[TimeControl "180+2"]
[EndTime "14:55:53 PDT"]
[Termination "GMKrikor won by resignation"]

1. e4 c5 2. Nc3 Nc6 3. g3 g6 4. d3 Bg7 5. Be3 d6 6. Qd2 h5 7. h3 h4 8. g4 e5 9. f4 exf4 10.
Bxf4 Be5 11. Be3 Bg3+ 12. Kd1 Be6 13. Nf3 Qd7 14. Ne2 Ne5 15. Bg2 Nxf3 16. Bxf3 Be5 17. c3 Ne7 18. d4 cxd4 19. cxd4 Bg7 20. d5 Qa4+ 21. Qc2 Bd7 22. Qxa4 Bxa4+ 23. Kd2 b6 24.
Bd4 Bxd4 25. Nxd4 O-O 26. g5 Bd7 27. Bg4 Rfd8 28. Rac1 Rac8 29. Bxd7 Rxd7 30. Rxc8+ Nxc8 31. Rc1 Ne7 32. Ke3 Kg7 33. a4 a6 34. b4 Rb7 35.
Rc2 Rd7 36. Rc3 Rb7 37. Rc4 Rd7 38. Rc2 Rb7 39. Kd3 Rd7 40. Nc6 f5 41. gxf6+ Kxf6 42.
Rf2+ Kg7 43. Nd4 Ng8 44. Ne6+ Kh6 45. Rf8 Kh7 46. Rb8 Rf7 47. Rxb6 Rf3+ 48. Kd4 Kh6 49. Rb8 Nf6 50. Rh8+ Nh7 51. Rxh7+ Kxh7 1-0